 Dungeon Crawl Stone Soup version 0.30.1 (webtiles) character file.

Game seed: 15312089322928973156

395 Babbit the Chopper (level 6, -1/56 HPs)
             Began as a Minotaur Fighter on July 10, 2023.
             Succumbed to a water moccasin's poison
             ... on level 5 of the Dungeon.
             The game lasted 00:23:35 (2105 turns).

Babbit the Chopper (Minotaur Fighter)               Turns: 2105, Time: 00:23:36

Health: -1/56      AC:  8    Str: 22    XL:     6   Next: 52%
Magic:  5/5        EV:  8    Int:  5    God:
Gold:   216        SH:  9    Dex: 14    Spells: 5/5 levels left

rFire   + . .        i - +8 scimitar "Yneiruobb" {heavy, rF+ Dex+4}
rCold   . . .        s - +0 kite shield
rNeg    . . .        b - +0 scale mail
rPois   .            (helmet restricted)
rElec   .            e - +0 cloak
rCorr   .            (no gloves)
SInv    .            (no boots)
Will    +....        o - amulet of regeneration Stlth
                     g - ring of willpower
HPRegen 1.09/turn    (no ring)
MPRegen 0.09/turn

%: no passive effects
@: lethally poisoned (-1 -> -7), hasted, very quick
A: horns 2, retaliatory headbutt
a: no special abilities


You were on level 5 of the Dungeon.
You visited 1 branch of the dungeon, and saw 5 of its levels.

You collected 216 gold pieces.

Inventory:

Hand Weapons
 a - a +0 war axe
 i - the +8 scimitar "Yneiruobb" (weapon) {heavy, rF+ Dex+4}
   (You found it on level 4 of the Dungeon)

   Dex:       It affects your dexterity (+4).
   rF:        It protects you from fire.
Missiles
 q - 5 boomerangs (quivered)
Armour
 b - a +0 scale mail (worn)
 c - a +0 buckler
 e - a +0 cloak (worn)
 s - a +0 kite shield (worn)
Jewellery
 g - a ring of willpower (left hand)
 o - an amulet of regeneration (around neck)
Wands
 l - a wand of mindburst (16)
Scrolls
 j - a scroll of amnesia {unknown}
 m - a scroll of immolation {unknown}
 r - a scroll of blinking {unknown}
 u - a scroll of identify
Potions
 d - a potion of attraction
 f - a potion of might
 h - a potion of mutation
 n - a potion of resistance {unknown}
 p - a potion of lignification {unknown}


   Skills:
 + Level 5.0 Fighting
 + Level 0.3 Long Blades
 + Level 5.4 Axes
 + Level 1.4 Throwing
 + Level 5.1 Armour
 + Level 0.5 Dodging
 + Level 4.8 Shields


You had 5 spell levels left.
You didn't know any spells.
Your spell library contained the following spells:

 Spells                   Type           Power      Damage    Failure   Level
 Necrotise                Necr           0%         1d4       96%         1
 Vampiric Draining        Necr           0%         2d6       100%        3
 Agony                    Necr           0%         N/A       100%        5


Dungeon Overview and Level Annotations

Branches:
Dungeon (5/15)
 Temple: D:4-7

Altars:
Elyvilon
Qazlal
Uskayaw


Innate Abilities, Weirdness & Mutations

You have a pair of horns on your head.
You reflexively headbutt those who attack you in melee.


Message History

The orc shouts!
Your headbutt misses the water moccasin.
You feel very sick. The water moccasin bites you.
You are more poisoned.
The water moccasin poisons you! The water moccasin bites you. x2
You are more poisoned.
The water moccasin poisons you!
An orc comes into view. It is wielding a +0 club.
The water moccasin attacks as you move away!
The water moccasin bites you.
You are more poisoned.
The water moccasin poisons you!
You feel extremely sick. The water moccasin bites you.
You feel much better.
You feel extremely sick. The water moccasin bites you.
You are more poisoned.
The water moccasin poisons you!
The orc wizard casts a spell.
The orc wizard flickers and vanishes!
Deactivating autopickup; reactivate with Ctrl-A.
You closely miss the water moccasin.
* * * LOW HITPOINT WARNING * * *
You feel extremely sick. The water moccasin barely misses you.
The water moccasin bites you but does no damage. x2
* * * LOW HITPOINT WARNING * * *
You feel very sick.
It was a potion of haste.
You feel yourself speed up.
* * * LOW HITPOINT WARNING * * *
You feel very sick.
The orc shouts!
The water moccasin bites you.
* * * LOW HITPOINT WARNING * * *
The water moccasin bites you but does no damage.
You hit the water moccasin.
The water moccasin is lightly wounded.
You die...

#.# #.# #.#
#.# #.# #.#
#.# #.# #@#
#S# #.#
#..oo#
#.oo...o.
#...<.....
......###.#
...... .#
...... .#


You could see a water moccasin and 3 orcs.

Vanquished Creatures
  An ice beast (D:5)
  2 scorpions
  An iguana (D:5)
  Robin (D:2)
  6 adders
  3 ufetubi (D:5)
  2 worms
  3 dart slugs
  3 orcs
  5 bats
  3 endoplasms
  4 giant cockroaches
  12 goblins
  8 hobgoblins
  12 jackals
  2 quokkas (D:2)
  2 ball pythons (D:2)
  2 frilled lizards
  6 rats
78 creatures vanquished.

Notes
Turn   | Place    | Note
-------+----------+-------------------------------------------
     0 | D:1      | Babbit the Minotaur Fighter began the quest for the Orb.
     0 | D:1      | Reached XP level 1. HP: 19/19 MP: 0/0
   142 | D:1      | Reached XP level 2. HP: 27/27 MP: 1/1
   448 | D:2      | Reached XP level 3. HP: 31/33 MP: 2/2
   536 | D:2      | Found a white marble altar of Elyvilon.
   669 | D:2      | Noticed Robin
   691 | D:2      | Reached XP level 4. HP: 13/40 MP: 3/3
   691 | D:2      | Killed Robin
   927 | D:2      | Found a faded altar of an unknown god.
   982 | D:3      | Found a hide-covered altar of Uskayaw.
  1351 | D:3      | Reached XP level 5. HP: 47/47 MP: 4/4
  1419 | D:3      | Found a stormy altar of Qazlal.
  1697 | D:4      | Identified the +8 scimitar "Yneiruobb" {heavy, rF+ Dex+4}
  1766 | D:4      | You fall into a shaft and drop 1 floor!
  1766 | D:5      | Entered Level 5 of the Dungeon
  1863 | D:5      | Reached skill level 5 in Axes
  1863 | D:5      | Reached skill level 1 in Throwing
  1863 | D:5      | Reached XP level 6. HP: 47/55 MP: 5/5
  1943 | D:5      | Noticed an ice beast
  1949 | D:5      | Killed an ice beast
  1950 | D:5      | Reached skill level 5 in Armour
  2092 | D:5      | Reached skill level 5 in Fighting
  2094 | D:5      | Noticed a water moccasin
  2105 | D:5      | Succumbed to a water moccasin's poison

Illustrated notes

Levels and vault maps discovered:
D:1:      sevenhm_arrival_forest_fort_small_3, layout_rooms
D:2:      layout_rooms, basic_altar, shapermc_ecumenical_altar_mp_ritualfount,
          hangedman_decor_growths, minmay_misc_feat_hallway, st_stairs_9,
          uniq_robin
D:3:      layout_loops_ring, mainiacjoe_overflow_boulevard,
          mainiacjoe_overflow_paths, chequers_serial_rivers_micro_e,
          grunt_ministairs_12
D:4:      layout_basic, temple_hall, gup_sewer_entry_pipe,
          hangedman_decor_lopped
D:5:      layout_basic, kennysheep_crisscross

Skill      XL: |  1  2  3  4  5  6 |
---------------+-------------------+-----
Fighting       | 4 5 |  5.0
Axes           | 3 4 5 |  5.4
Armour         | 4 5 |  5.1
Shields        | 4 |  4.8
Throwing       | 1 |  1.4
Long Blades    | |  0.3
Dodging        | |  0.5

Action                     |  1- 3 |  4- 6 || total
---------------------------+-------+-------++-------
  Melee: War axe           |    76 |    55 ||   131
         Headbutt          |     8 |     9 ||    17
         Scimitar          |       |    23 ||    23
  Throw: Stone             |    24 |     6 ||    30
         Boomerang         |       |    12 ||    12
    Use: Scroll            |     1 |     4 ||     5
         Potion            |     3 |     3 ||     6
 Armour: Scale mail        |    48 |    44 ||    92
  Dodge: Dodged            |    28 |    40 ||    68
  Block: Buckler           |    15 |    12 ||    27
         Kite shield       |       |    25 ||    25
